 Dungeon Crawl Stone Soup version 0.29.1-12-g30fa7ad0bf (webtiles) character file.

Game seed: 14950424502591285384

66536 MisterFreud the Fetichist (level 15, -2/115 HPs)
             Began as a Formicid Gladiator on Dec 29, 2022.
             Was an Initiate of Yredelemnul.
             Slain by a 13-headed hydra (9 damage)
             ... on level 14 of the Dungeon.
             The game lasted 00:33:20 (27504 turns).

MisterFreud the Fetichist (Formicid Gladiator)     Turns: 27504, Time: 00:33:21

Health: -2/115     AC: 20    Str: 22    XL:     15   Next: 62%
Magic:  21/21      EV: 11    Int:  8    God:    Yredelemnul [......]
Gold:   1893       SH:  0    Dex: 19    Spells: 14/14 levels left

rFire   . . .      SeeInvis +   i - +2 lajatang (speed)
rCold   . . .      Faith    +   (no shield)
rNeg    . . .      Spirit   .   e - +0 scale mail
rPois   .          Reflect  .   (helmet unavailable)
rElec   .          Harm     .   t - +1 cloak
rCorr   +          Rampage  .   D - +0 pair of gloves
Will    +....                   L - +2 pair of boots
Stlth   ..........              h - amulet of faith
HPRegen 0.29/turn               n - +4 ring of protection
MPRegen 0.17/turn               C - ring of resist corrosion

@: no status effects
A: permanent stasis, dig shafts and tunnels, antennae 3, four strong arms
a: Dig, Shaft Self, Renounce Religion, Recall Undead Harvest


You were on level 14 of the Dungeon.
You worshipped Yredelemnul.
Yredelemnul was aware of your devotion.
You visited 3 branches of the dungeon, and saw 21 of its levels.
You also visited: Bailey.

You collected 1893 gold pieces.

Inventory:

Hand Weapons
 i - a +2 lajatang of speed (weapon)
Missiles
 c - 5 throwing nets (quivered)
 d - 16 javelins
 f - 22 curare-tipped darts
 l - 60 poisoned darts
 v - 21 boomerangs
 B - 4 boomerangs of dispersal
Armour
 e - a +0 scale mail (worn)
 t - a +1 cloak (worn)
 D - a +0 pair of gloves (worn)
 L - a +2 pair of boots (worn)
Jewellery
 h - an amulet of faith (around neck)
 n - a +4 ring of protection (left hand)
 r - a ring of positive energy
 w - a +6 ring of intelligence
 C - a ring of resist corrosion (right hand)
 F - a ring of magical power
 G - a ring of fire
 K - an amulet of magic regeneration
 P - a ring of willpower
 W - an amulet of reflection
Wands
 b - a wand of light (10)
 A - a wand of mindburst (4)
 J - a wand of flame (13)
 N - a wand of roots (11)
 O - a wand of polymorph (2)
 R - a wand of paralysis (6)
Scrolls
 a - a scroll of fear
 g - 4 scrolls of fog
 q - 3 scrolls of vulnerability
 y - 4 scrolls of poison
 z - a scroll of enchant weapon {unknown}
 E - 2 scrolls of silence
 H - 3 scrolls of magic mapping
 S - 2 scrolls of amnesia
 V - a scroll of summoning
 X - a scroll of acquirement
 Y - 2 scrolls of enchant armour
Potions
 j - 4 potions of brilliance
 k - 6 potions of heal wounds
 m - 4 potions of lignification
 o - a potion of attraction
 p - 2 potions of haste
 s - 11 potions of curing
 u - 2 potions of flight
 x - 2 potions of invisibility
 I - 3 potions of mutation
 M - a potion of cancellation
 Q - 3 potions of might
 T - 3 potions of magic
 U - a potion of ambrosia {unknown}
 Z - a potion of resistance {unknown}


   Skills:
 - Level 10.0 Fighting
 - Level 14.0 Staves
 - Level 2.0 Throwing
 - Level 10.0 Armour
 - Level 2.6 Dodging
 - Level 8.0 Invocations
 + Level 19.3 Evocations


You had 14 spell levels left.
You didn't know any spells.
Your spell library contained the following spells:

 Spells                   Type           Power      Damage    Failure   Level
 Magic Dart               Conj           0%         1d3       67%         1
 Necrotise                Necr           0%         1d4       67%         1
 Summon Small Mammal      Summ           0%         N/A       67%         1
 Call Imp                 Summ           0%         N/A       82%         2
 Poisonous Vapours        Pois/Air       0%         N/A       82%         2
 Scorch                   Fire           0%         2d5       82%         2
 Sublimation of Blood     Necr           0%         N/A       82%         2
 Wereblood                Tmut           0%         N/A       82%         2
 Call Canine Familiar     Summ           0%         N/A       96%         3
 Gell's Gravitas          Tloc           0%         N/A       96%         3
 Inner Flame              Hex/Fire       0%         N/A       96%         3
 Lesser Beckoning         Tloc           0%         N/A       96%         3
 Mephitic Cloud           Conj/Pois/Air  0%         N/A       96%         3
 Summon Guardian Golem    Hex/Summ       0%         N/A       96%         3
 Teleport Other           Tloc           0%         N/A       96%         3
 Vampiric Draining        Necr           0%         2d6       96%         3
 Cause Fear               Hex            0%         N/A       100%        4
 Corpse Rot               Necr/Pois/Air  0%         N/A       100%        4
 Flame Wave               Conj/Fire      0%         2d4       100%        4
 Leda's Liquefaction      Hex/Erth       0%         N/A       100%        4
 Agony                    Necr           0%         N/A       100%        5
 Freezing Cloud           Conj/Ice/Air   0%         6-21      100%        5
 Lee's Rapid Deconstruct  Erth           0%         3d5*      100%        5
 Lightning Bolt           Conj/Air       0%         1d11      100%        5
 Manifold Assault         Tloc           0%         N/A       100%        5
 Statue Form              Tmut/Erth      0%         N/A       100%        6
 Summon Cactus Giant      Summ           0%         N/A       100%        6
 Summon Hydra             Summ           0%         N/A       100%        7
 Discord                  Hex            0%         N/A       100%        8
 Polar Vortex             Ice            0%         N/A       100%        9
 Blink                    Tloc           Unusable   N/A       N/A         2
 Simulacrum               Ice/Necr       Unusable   N/A       N/A         6

Dungeon Overview and Level Annotations

Branches:
Dungeon (15/15)            Temple (1/1) D:5            Lair (5/5) D:9
 Shoals (0/4) Lair:3       Spider (0/4) Lair:2        Slime (0/5) Lair:4
    Orc (0/2) D:9          Vaults (0/5) D:13         Depths (0/4) D:15
 Bailey (visited)

Altars:
Ashenzari
Dithmenos
Elyvilon
Fedhas
Gozag
Hepliaklqana
Kikubaaqudgha
Makhleb
Nemelex Xobeh
Qazlal
Ru
Trog
Uskayaw
Vehumet
Wu Jian
Yredelemnul
Zin
The Shining One
Jiyva

Shops:
D:7 [*   D:13 *

Portals:
Abyss: D:9

Annotations:
D:5 2 transporters, Frank's ghost, novice DgFi
D:9 2 transporters, exclusion: orange crystal statue, ElPolloHermano's ghost, novice MiBe
D:12 3 runed translucent doors, stringoo's ghost, journeyman OpDe


Innate Abilities, Weirdness & Mutations

You cannot be hasted, slowed, berserked, paralysed or teleported.
You can dig through walls and to a lower floor.
You have a pair of large antennae on your head. (SInv)
Your four strong arms can wield two-handed weapons with a shield.


Message History

The 12-headed hydra bites you. The 12-headed hydra closely misses you.
The 12-headed hydra completely misses you.
The 12-headed hydra bites you. x2
The 12-headed hydra bites you but does no damage.
The 12-headed hydra bites you.
The 12-headed hydra bites you but does no damage. x2
You barely miss the 12-headed hydra.
The 12-headed hydra is moderately wounded.
Unknown command.
You hack one of the 12-headed hydra's heads off!
The 11-headed hydra grows two more!
You hit the 13-headed hydra.
The 13-headed hydra is moderately wounded.
The 13-headed hydra bites you but does no damage. x4
The 13-headed hydra bites you. x2; The 13-headed hydra misses you.
The 13-headed hydra barely misses you. The 13-headed hydra bites you.
The 13-headed hydra bites you! The 13-headed hydra closely misses you.
The 13-headed hydra bites you but does no damage. x2
Unknown command.
Okay, then.
Unknown command.
Unknown command.
Unknown command.
Okay, then.
Are you sure you want to shaft yourself?
The 13-headed hydra bites you! x3
The 13-headed hydra bites you but does no damage. x3
The 13-headed hydra closely misses you. The 13-headed hydra bites you.
The 13-headed hydra closely misses you. The 13-headed hydra barely misses you.
The 13-headed hydra bites you. The 13-headed hydra bites you!
* * * LOW HITPOINT WARNING * * *
The 13-headed hydra bites you but does no damage.
You begin to dig a shaft.
You continue digging a shaft.
The 13-headed hydra bites you!
* * * LOW HITPOINT WARNING * * *
The 13-headed hydra bites you!
* * * LOW HITPOINT WARNING * * *
The 13-headed hydra bites you but does no damage. x2
The 13-headed hydra bites you!
You die...
Your body rises from the dead as a mindless zombie.

#. #. # . #. ## #. .
#.##. #. .. ..
.##....####. #. .##..
##..#... ##.
.##.#..##.#....
..##....##....##..# #
#D.##.#..##.#...##
.#.##@.#.##..#.##..##
#....##...)##.Z..###
#.##.^#.##..#.##..####
#.#..##.#..##.#....
..##....##....##..< .#
.##.#..##.#..... .# ..
.##..#.##..... # ####.
#.#......... ##
.......)....


You could see a 13-headed hydra.

Vanquished Creatures
  The ghost of suse60 the Cleaver, a journeyman FoFi of the Shining One (Lair:1)
  2 catoblepae
  3 hydras
  A centaur warrior (D:15)
  2 boulder beetles
  2 two-headed ogres
  Sonja (D:11)
  A skeletal warrior (D:12)
  2 wizards
  A deep elf zephyrmancer (D:15)
  2 orc knights
  A wolf spider zombie (D:15)
  A necromancer (D:15)
  An oklob plant (Lair:3)
  2 deep elf pyromancers
  11 elephants (Lair:4)
  2 cyclopes
  An eye of devastation (Lair:4)
  A centaur zombie (D:15)
  8 black mambas
  7 cane toads
  4 molten gargoyles
  2 gargoyles (D:12)
  5 komodo dragons
  3 rime drakes
  2 efreet (D:14)
  7 trolls
  A hornet (D:11)
  9 blink frogs
  6 slime creatures
  A snapping turtle (Lair:3)
  4 dream sheep (Lair:3)
  A shadow (D:10)
  8 wyverns
  Eustachio (D:4)
  5 basilisks
  14 yaks
  4 steam dragons
  A vampire mosquito (D:11)
  An acid dragon (D:13)
  20 water moccasins
  A floating eye (Lair:4)
  3 hell hounds (Lair:5)
  8 orc warriors
  2 black bears
  An ogre (D:7)
  8 wolves
  7 centaurs
  2 phantoms
  6 kobold brigands
  7 bullfrogs
  2 gnoll sergeants (D:9)
  3 scorpions
  4 wights (D:10)
  8 killer bees
  An electric eel (Lair:3)
  A howler monkey (D:5)
  3 lava snakes (Lair:5)
  A jelly (D:7)
  5 hounds
  9 orc priests
  Jessica (D:2)
  14 orc wizards
  Terence (D:2)
  8 iguanas
  8 hell rats
  11 gnolls
  11 adders
  2 shadow imps
  2 white imps
  4 ufetubi
  A worm (D:5)
  5 dart slugs
  42 orcs
  5 ball pythons
  4 bats
  9 endoplasms
  4 giant cockroaches
  8 goblins
  5 hobgoblins
  4 jackals (D:4)
  3 quokkas
  2 frilled lizards
  15 kobolds
  3 rats
406 creatures vanquished.

Vanquished Creatures (collateral kills)
  The ghost of zurenarrh the Carver, a journeyman BaFi of Cheibriados (Lair:2)
  6 hydras
  2 boulder beetles (D:15)
  A centaur warrior (D:15)
  A two-headed ogre (D:11)
  2 tengu warriors (D:13)
  3 skeletal warriors (D:12)
  A wizard (D:15)
  An orc sorcerer (D:15)
  4 elephants (Lair:4)
  A naga mage (D:15)
  A molten gargoyle (Lair:5)
  A gargoyle (D:10)
  A cane toad (Lair:4)
  A centaur skeleton (D:15)
  3 komodo dragons
  5 trolls
  3 dream sheep (Lair:3)
  10 blink frogs (Lair:4)
  7 slime creatures
  5 wyverns
  5 yaks
  3 vampire mosquitoes (D:11)
  An acid dragon (D:11)
  A hell hound (Lair:5)
  2 orc warriors
  2 wolves (Lair:3)
  A centaur (D:10)
  2 kobold brigands (Bailey)
  A bullfrog (Lair:3)
  A killer bee (D:10)
  A lava snake (Lair:5)
  A hound (D:5)
  An iguana (D:5)
  3 hell rats (D:14)
  A white imp (D:5)
  4 orcs
  A goblin (D:7)
  2 butterflies (Lair:1)
93 creatures vanquished.

Vanquished Creatures (others)
  A spectral fire dragon (D:14)
  A lindwurm (Lair:5)
  A spectral elephant (Lair:5)
  2 hydra zombies
  A spectral komodo dragon (Lair:4)
  2 boulder beetle zombies
  A spectral floating eye (Lair:4)
  3 black mamba zombies
  8 slime creature zombies
  2 cane toad zombies (Lair:5)
  A spectral eye of devastation (Lair:4)
  An elephant zombie (Lair:4)
  2 elf zombies
  2 dream sheep zombies (Lair:3)
  3 blink frog zombies
  A rime drake zombie (Lair:4)
  2 komodo dragon zombies
  5 wyvern zombies
  A hell hound zombie (Lair:5)
  6 water moccasin zombies
  4 troll zombies
  5 yak zombies
  2 wolf zombies
  3 bullfrog zombies
  A lava snake (Lair:5)
  3 centaur zombies
  4 killer bee zombies (D:10)
  An acid dragon zombie (D:13)
  2 hell rat zombies
  2 adder zombies (Lair:4)
  A lava snake zombie (Lair:5)
  A spectral white imp (D:7)
  3 gnoll zombies (D:9)
  4 kobold zombies (Bailey)
  20 orc zombies
  A spectral ufetubus (D:5)
  45 fungi
  55 plants
203 creatures vanquished.

Grand Total: 702 creatures vanquished

Notes
Turn   | Place    | Note
-------+----------+-------------------------------------------
     0 | D:1      | MisterFreud the Formicid Gladiator began the quest for the
                  | Orb.
     0 | D:1      | Reached XP level 1. HP: 16/16 MP: 1/1
    40 | D:1      | Reached XP level 2. HP: 5/22 MP: 2/2
   502 | D:1      | Reached XP level 3. HP: 27/27 MP: 3/3
  1079 | D:2      | Noticed Terence
  1091 | D:2      | Killed Terence
  1092 | D:2      | Reached skill level 5 in Staves
  1092 | D:2      | Reached XP level 4. HP: 6/33 MP: 4/4
  1605 | D:2      | Noticed Jessica
  1611 | D:2      | Reached XP level 5. HP: 35/38 MP: 5/5
  1613 | D:2      | Killed Jessica
  2317 | D:3      | Reached XP level 6. HP: 30/46 MP: 6/6
  2323 | D:3      | Reached skill level 1 in Armour
  3103 | D:4      | Found a sparkling altar of Nemelex Xobeh.
  3185 | D:4      | Noticed Eustachio
  3210 | D:4      | Killed Eustachio
  3211 | D:4      | Reached XP level 7. HP: 8/54 MP: 7/7
  3679 | D:4      | Identified a scroll of acquirement
  3679 | D:4      | Acquired a +2 lajatang of speed
  3813 | D:4      | Found a sacrificial altar of Ru.
  3968 | D:5      | Entered Level 5 of the Dungeon
  3980 | D:5      | Noticed Frank's ghost (novice DgFi)
  3982 | D:5      | Found a transporter.
  3988 | D:5      | Found a transporter.
  4077 | D:5      | Reached skill level 5 in Fighting
  4151 | D:5      | Reached XP level 8. HP: 53/62 MP: 8/8
  4382 | D:5      | Found a staircase to the Ecumenical Temple.
  4397 | D:5      | Reached skill level 5 in Armour
  4409 | Temple   | Entered the Ecumenical Temple
  4426 | Temple   | Became a worshipper of Yredelemnul the Dark
  4475 | D:5      | Reached * piety under Yredelemnul
  4569 | D:5      | Reached ** piety under Yredelemnul
  4579 | D:5      | Reached *** piety under Yredelemnul
  4638 | D:5      | Reached skill level 1 in Invocations
  4763 | D:5      | Reached **** piety under Yredelemnul
  4764 | D:5      | Reached ***** piety under Yredelemnul
  4765 | D:5      | Reached XP level 9. HP: 59/68 MP: 8/11
  5741 | D:6      | Found an ancient bone altar of Kikubaaqudgha.
  6178 | D:7      | Found Rigri Zoi's Armour Emporium.
  6282 | D:7      | Found a flagged portal.
  6301 | Bailey   | Entered a bailey
  6338 | Bailey   | Reached skill level 5 in Invocations
  6479 | Bailey   | Noticed an orc knight
  6491 | Bailey   | Killed an orc knight
  6805 | Bailey   | Reached XP level 10. HP: 26/74 MP: 13/15
  7083 | Bailey   | Found a bloodstained altar of Trog.
  7177 | D:7      | Reached skill level 10 in Staves
  7377 | D:7      | Found Dentomir's Assorted Antiques.
  8508 | D:8      | Found a burning altar of Makhleb.
  8686 | D:8      | Found a bloodstained altar of Trog.
  8765 | D:8      | Noticed a two-headed ogre
  9123 | D:8      | You fall into a shaft and drop 2 floors!
  9123 | D:10     | Entered Level 10 of the Dungeon
 10000 | D:10     | Found a hide-covered altar of Uskayaw.
 10050 | D:10     | Noticed a gargoyle
 10068 | D:10     | Killed a gargoyle
 10069 | D:10     | Reached XP level 11. HP: 43/79 MP: 17/17
 10682 | D:9      | Found a staircase to the Lair.
 10766 | D:9      | Noticed a worldbinder
 10768 | D:9      | Found a transporter.
 10782 | D:9      | Found a one-way gate to the infinite horrors of the Abyss.
 10782 | D:9      | Noticed ElPolloHermano's ghost (novice MiBe)
 10782 | D:9      | Noticed a shock serpent
 10783 | D:9      | Noticed a wizard
 10915 | D:9      | Noticed an orange crystal statue
 11037 | D:9      | Found a staircase to the Orcish Mines.
 11573 | D:9      | Found a transporter.
 11575 | D:9      | Noticed a toenail golem
 11577 | D:9      | Noticed a toenail golem
 11580 | D:9      | Noticed a sixfirhy
 11620 | D:9      | Noticed a shock serpent
 12151 | D:8      | Killed a two-headed ogre
 12644 | Lair:1   | Entered Level 1 of the Lair of Beasts
 13040 | Lair:1   | Found a runed translucent door.
 13363 | Lair:1   | Noticed suse60's ghost (journeyman FoFi)
 13443 | Lair:1   | Killed suse60's ghost
 13820 | Lair:2   | Found a hole to the Spider Nest.
 13915 | Lair:2   | Reached XP level 12. HP: 91/91 MP: 18/18
 14225 | Lair:2   | Found a runed translucent gate.
 14225 | Lair:2   | Found a runed translucent gate.
 14225 | Lair:2   | Found a runed translucent gate.
 14237 | Lair:2   | Noticed a five-headed hydra
 14256 | Lair:2   | Killed a five-headed hydra
 14707 | Lair:2   | Noticed zurenarrh's ghost (journeyman BaFi)
 15195 | Lair:2   | Killed zurenarrh's ghost
 15802 | Lair:3   | Noticed a catoblepas
 15822 | Lair:3   | Killed a catoblepas
 15823 | Lair:3   | Reached skill level 10 in Armour
 16101 | Lair:3   | Found a gate leading to a gauntlet.
 16144 | Lair:3   | Reached skill level 10 in Fighting
 16145 | Lair:3   | Reached skill level 1 in Evocations
 16147 | Lair:3   | Reached skill level 2 in Evocations
 16152 | Lair:3   | Reached skill level 3 in Evocations
 16238 | Lair:3   | Noticed a six-headed hydra
 16263 | Lair:3   | Killed a six-headed hydra
 16264 | Lair:3   | Reached skill level 4 in Evocations
 16657 | Lair:3   | Reached skill level 5 in Evocations
 16842 | Lair:3   | Found a staircase to the Shoals.
 17045 | Lair:4   | Found a staircase to the Slime Pits.
 17045 | Lair:4   | Found a viscous altar of Jiyva.
 17053 | Lair:4   | Reached XP level 13. HP: 103/103 MP: 19/19
 17061 | Lair:4   | Reached skill level 6 in Evocations
 17495 | Lair:4   | Reached skill level 7 in Evocations
 17805 | Lair:4   | Found the +8 whip "Snakebite" {venom, curare, rPois}
 17816 | Lair:4   | Reached ****** piety under Yredelemnul
 17875 | Lair:4   | Reached skill level 8 in Evocations
 17979 | Lair:4   | Reached skill level 9 in Evocations
 18076 | Lair:4   | Reached skill level 10 in Evocations
 18315 | Lair:4   | Reached skill level 11 in Evocations
 18569 | Lair:4   | Reached skill level 12 in Evocations
 18969 | Lair:5   | Entered Level 5 of the Lair of Beasts
 19057 | Lair:5   | Noticed a catoblepas
 19071 | Lair:5   | Killed a catoblepas
 19282 | Lair:5   | Reached XP level 14. HP: 91/110 MP: 20/20
 19285 | Lair:5   | Reached skill level 13 in Evocations
 19863 | Lair:5   | Reached skill level 14 in Evocations
 20288 | Lair:5   | Reached skill level 15 in Evocations
 20557 | Lair:5   | Found a large runed translucent door.
 20558 | Lair:5   | Found a large runed translucent door.
 21388 | D:10     | Got Anuej's Handbook of the Torrid Sky
 21791 | D:11     | Noticed Sonja
 22131 | D:11     | Killed Sonja
 22159 | D:11     | Reached skill level 16 in Evocations
 23006 | D:12     | Identified the +1 robe of Terror {rC+ Regen+ Int+2 Dex-5}
 23822 | D:12     | Found a runed translucent gate.
 23822 | D:12     | Noticed an acid blob
 23823 | D:12     | Found a runed translucent gate.
 23823 | D:12     | Found a runed translucent gate.
 23823 | D:12     | Noticed an acid blob
 23823 | D:12     | Noticed an acid blob
 23823 | D:12     | Noticed a rockslime
 23824 | D:12     | Noticed an azure jelly
 23824 | D:12     | Noticed stringoo's ghost (journeyman OpDe)
 23824 | D:12     | Noticed an azure jelly
 23824 | D:12     | Noticed an acid blob
 23825 | D:12     | Noticed an acid blob
 23825 | D:12     | Noticed a quicksilver ooze
 23825 | D:12     | Noticed an azure jelly
 23899 | D:12     | Found a viscous altar of Jiyva.
 23945 | D:13     | Reached skill level 17 in Evocations
 23945 | D:13     | Reached XP level 15. HP: 69/115 MP: 19/21
 24158 | D:13     | Found Keeshrok's Assorted Antiques.
 24290 | D:13     | Found a gate to the Vaults.
 24602 | D:13     | You fall into a shaft and drop 2 floors!
 24602 | D:15     | Entered Level 15 of the Dungeon
 25346 | D:15     | Reached skill level 18 in Evocations
 25357 | D:15     | Found a staircase to the Depths.
 26799 | D:14     | Reached skill level 19 in Evocations
 26802 | D:14     | You fall into a shaft and drop 1 floor!
 27504 | D:14     | Slain by a 13-headed hydra

Illustrated notes

Levels and vault maps discovered:
D:1:      minmay_arrival_four_houses, layout_rooms
D:2:      layout_loops_ring, uniq_jessica, uniq_terence
D:3:      layout_rooms
D:4:      layout_loops_ring, mainiacjoe_overflow_alcove_2,
          nemelex_dance_club_becter, uniq_eustachio
D:5:      minmay_bubble_buster, layout_basic, minmay_temple_entry_offerings,
          portal_sewer_entry_c, gammafunk_ghost_smash, minmay_strange_pillars,
          guppyfry_early_orc_mine
D:6:      layout_gridville, lemuel_tele_altar
D:7:      layout_loops_cross, enter_bailey_5, serial_shops,
          nicolae_stop_n_shop_2, nicolae_stop_n_shop_1, corexii_leaking_fountain
D:8:      layout_loops_ring, mainiacjoe_overflow_24_doors,
          nicolae_overflow_crystal_walls
D:9:      layout_loops_corners, lair_entry_dummy, orc_0_dummy,
          gammafunk_ghost_abyssal_escape, minivault_15
D:10:     lemuel_troll_bridge, layout_long_grid, mainiacjoe_overflow_catwalk
D:11:     layout_cross, reono_crystal_passage, eino_tiny_chamber, uniq_sonja
D:12:     layout_roguey, gammafunk_ghost_ooze
D:13:     layout_basic, david_vaults_1, serial_shops,
          nicolae_shop_temple_entry_statues_fountains, minivault_24
D:14:     layout_small_grid, minmay_misc_feat_hallway, special_room
          [special_room_mythical_zoo], nicolae_eternal_life
D:15:     grunt_enter_depths_magical_seal, layout_basic,
          dreamdust_princess_corridor, palyth_stone_intersect,
          chequers_serial_rivers_small_3
Temple:   nicolae_temple_bog_church
Lair:1:   layout_chaotic_city, ebering_ghost_reflecting_pool,
          lemuel_fruit_fields, grunt_megastairs_3
Lair:2:   layout_loops_ring, dummy_spider_entry, ebering_ghost_rock_garden
Lair:3:   layout_chaotic_city, minmay_shoals_entry_hut, gauntlet_entry_generic,
          infiniplex_staircase_pool, grunt_megastairs_4
Lair:4:   minmay_guarded_unrand_snakebite, layout_gridlike,
          minmay_slime_entry_eyes, infiniplex_staircase_pool_2
Lair:5:   cheibrodos_lair_end_hotspot, layout_small_grid,
          eino_small_chamber_without_monster

Skill      XL: |  1  2  3  4  5  6  7  8  9 10 11 12 13 14 15 |
---------------+----------------------------------------------+-----
Staves         | 4 5 6 7 9 12 14 | 14.0
Armour         | 3 4 6 8 10 | 10.0
Fighting       | 4 5 7 10 | 10.0
Invocations    | 2 7 8 |  8.0
Evocations     | 5 12 17 19 | 19.3
Throwing       | |  2.0
Dodging        | |  2.6

Action                   |  1- 3 |  4- 6 |  7- 9 | 10-12 | 13-15 || total
-------------------------+-------+-------+-------+-------+-------++-------
Melee: Quarterstaff      |    84 |   119 |    20 |    17 |     4 ||   244
       Punch             |       |     1 |     4 |     6 |    13 ||    24
       Lajatang          |       |       |   201 |   567 |   718 ||  1486
Invok: Dark Bargain      |       |       |     1 |     5 |       ||     6
       Recall Undead Har |       |       |     1 |     2 |     6 ||     9
       Bind Soul         |       |       |       |       |     3 ||     3
       Drain Life        |       |       |       |       |     9 ||     9
 Abil: Shaft Self        |       |       |       |     1 |     3 ||     4
Evoke: Wand              |       |       |       |     2 |     3 ||     5
  Use: Scroll            |     2 |     7 |     8 |     8 |     4 ||    29
       Potion            |       |       |       |     3 |       ||     3
 Stab: Sleeping          |     1 |     1 |       |       |       ||     2
       Distracted        |       |       |     1 |     7 |    11 ||    19
Armor: Leather armour    |    37 |    10 |       |       |       ||    47
       Scale mail        |       |    20 |    83 |   270 |   336 ||   709
Dodge: Dodged            |    60 |    60 |    99 |   264 |   288 ||   771
